 Dungeon Crawl Stone Soup version 0.22-a0-162-g33bf127 (webtiles) character file.

149 KristoblXynda the Slasher (level 5, -3/41 HPs)
             Began as a Draconian Gladiator on Feb 12, 2018.
             Blown up by Ijyb (11 damage)
             ... with a wand of disintegration (10)
             ... on level 3 of the Dungeon.
             The game lasted 00:02:39 (1698 turns).

KristoblXynda the Slasher (Draconian Gladiator)     Turns: 1698, Time: 00:02:40

Health: -3/41      AC:  5    Str: 22    XL:     5   Next: 9%
Magic:  5/5        EV: 13    Int: 10    God:
Gold:   128        SH:  0    Dex: 12    Spells: 4/4 levels left

rFire    . . .     SeeInvis .   a - +0 long sword
rCold    . . .     Gourm    .   (no shield)
rNeg     . . .     Faith    .   (armour unavailable)
rPois    .         Spirit   .   b - +0 hat
rElec    .         Reflect  .   (no cloak)
rCorr    .         Harm     .   (no gloves)
MR       .....                  (no boots)
Stlth    +.........             (no amulet)
HPRegen  0.13/turn              n - +6 ring of strength
MPRegen  0.09/turn              (no ring)

@: no status effects
A: unfitting armour, cold-blooded, AC +5
a: no special abilities


You were on level 3 of the Dungeon.
You were not hungry.

You visited 1 branch of the dungeon, and saw 3 of its levels.

You collected 128 gold pieces.

Inventory:

Hand Weapons
 a - a +0 long sword (weapon)
Missiles
 c - 3 throwing nets (quivered)
Armour
 b - a +0 hat (worn)
Jewellery
 n - a +6 ring of strength (left hand)
Scrolls
 h - 4 scrolls of teleportation {unknown}
 i - a scroll of noise {unknown}
 j - 6 scrolls of identify {unknown}
 k - a scroll of remove curse {unknown}
 o - a scroll of random uselessness {unknown}
 p - a scroll of enchant armour {unknown}
Potions
 e - a potion of haste {unknown}
 f - a potion of degeneration {unknown}
 g - a potion of lignification {unknown}
 l - a potion of ambrosia {unknown}
 m - a potion of might
 q - a potion of curing {unknown}
 r - a potion of berserk rage {unknown}
Comestibles
 d - 12 rations


   Skills:
 - Level 2.1 Fighting
 * Level 4.9 Long Blades
 - Level 2.2 Throwing
 + Level 3.7 Dodging


You had 4 spell levels left.
You didn't know any spells.

Dungeon Overview and Level Annotations

Branches:
Dungeon (3/15)

Altars:
Qazlal
Yredelemnul

Annotations:
D:3 Ijyb


Innate Abilities, Weirdness & Mutations

Your plain brown scales are hard. (AC +5)
You cannot fit into any form of body armour.
You are cold-blooded and may be slowed by cold attacks.


Message History

Ijyb is moderately wounded.
You barely miss Ijyb. You tail-slap Ijyb.
Ijyb is moderately wounded.
Ijyb misses you.
You closely miss Ijyb.
Your tail-slap misses Ijyb.
Ijyb is moderately wounded.
Ijyb zaps a wand.
You are blasted!
Ijyb closely misses you.
You riposte.
You hit Ijyb.
Ijyb is heavily wounded.
You hit Ijyb.
Ijyb is severely wounded.
Ijyb zaps a wand.
You barely resist. You barely miss Ijyb.
Ijyb is severely wounded.
Ijyb zaps a wand.
You are blasted!
* * * LOW HITPOINT WARNING * * *
You hit Ijyb but do no damage.
Ijyb is severely wounded.
Ijyb zaps a wand.
You are blasted!
You die...

##..(####........#####.#.#
....# #####..#....(....#
##.. #..<...##..#### #..
######....<...# ..#
##..####... .# ###(## ## .
#...# #.#####)###
#...g@..# #...###### #.


You could see Ijyb.

Vanquished Creatures
  4 gnolls (D:2)
  An adder (D:2)
  2 oozes (D:2)
  3 worms (D:2)
  2 dart slugs
  3 leopard geckos (D:2)
  4 ball pythons
  6 giant cockroaches
  6 goblins
  7 hobgoblins
  10 jackals
  9 kobolds
  14 bats
  2 frilled lizards
  4 rats
77 creatures vanquished.

Notes
Turn   | Place    | Note
-------+----------+-------------------------------------------
     0 | D:1      | KristoblXynda the Draconian Gladiator began the quest for the Orb.
     0 | D:1      | Reached XP level 1. HP: 17/17 MP: 1/1
   165 | D:1      | Reached XP level 2. HP: 23/24 MP: 2/2
   395 | D:1      | Reached XP level 3. HP: 26/29 MP: 3/3
   838 | D:2      | Reached skill level 4 in Long Blades
   864 | D:2      | Reached XP level 4. HP: 22/36 MP: 4/4
   938 | D:2      | Found a stormy altar of Qazlal.
   940 | D:2      | Noticed an air elemental
   940 | D:2      | Noticed a fire elemental
   941 | D:2      | Noticed a water elemental
   941 | D:2      | Noticed an earth elemental
  1343 | D:2      | Reached XP level 5. HP: 19/41 MP: 5/5
  1633 | D:3      | Found a basalt altar of Yredelemnul.
  1686 | D:3      | Noticed Ijyb
  1698 | D:3      | Blown up by Ijyb

Vault maps used:
D:1:      ncdulo_lavacross, minmay_nonomino_d4
D:2:      nicolae_qazlal_style_of_elements, first_ration, st_stairs_10,
          grunt_decor_resistance, minmay_split_cup_large
D:3:      lemuel_tele_altar, uniq_ijyb, uniq_jessica

Skill      XL: |  1  2  3 |
---------------+----------+-----
Throwing       | 2 |  2.2
Dodging        | 3 |  3.7
Long Blades    | 4 |  4.9
Fighting       | |  2.1

Action                   |  1- 3 |  4- 6 || total
-------------------------+-------+-------++-------
Melee: Long sword        |   103 |    72 ||   175
       Tailslap          |    17 |     5 ||    22
 Stab: Sleeping          |       |     2 ||     2
  Eat: Chunk             |       |     3 ||     3
Armor: Skin              |    32 |    19 ||    51
Dodge: Dodged            |   102 |    70 ||   172
       Rpst.: Long sword |    31 |    24 ||    55

Table legend:
 A = Spawn XP
 B = Non-spawn XP
 C = Spawn XP percentage of total XP
 D = Spawn monster count
 E = Non-spawn monster count
 F = Spawn count percentage of total count
 G = Total turns spent on level
                    A         B        C        D         E        F      G
               +---------+---------+-------+---------+---------+-------+---------
         Total |       0 |     214 |   0.0 |       0 |      77 |   0.0 |  1698
               +---------+---------+-------+---------+---------+-------+---------
           D:1 |       0 |      63 |   0.0 |       0 |      38 |   0.0 |   721
           D:2 |       0 |     137 |   0.0 |       0 |      30 |   0.0 |   845
           D:3 |       0 |      14 |   0.0 |       0 |       9 |   0.0 |   132
               +---------+---------+-------+---------+---------+-------+---------
